 Dungeon Crawl Stone Soup version 0.21.1-1-g345015f (webtiles) character file.

59 Fang the Skirmisher (level 4, -2/43 HPs)
             Began as a Gargoyle Berserker on May 7, 2018.
             Was a Believer of Trog.
             Slain by a hobgoblin
             ... wielding a +0 club
              (6 damage)
             ... on level 2 of the Dungeon.
             The game lasted 00:01:06 (703 turns).

Fang the Skirmisher (Gargoyle Berserker)             Turns: 703, Time: 00:01:07

Health: -2/43      AC:  5    Str: 27    XL:     4   Next: 3%
Magic:  4/4        EV: 12    Int:  7    God:    Trog [**....]
Gold:   57         SH:  0    Dex:  9    Spells: 3/3 levels left

rFire    . . .     SeeInvis .   a - +0 hand axe
rCold    . . .     Gourm    .   (no shield)
rNeg     + . .     Faith    .   b - +0 animal skin
rPois    ∞         Spirit   .   (no helmet)
rElec    +         Reflect  .   (no cloak)
rCorr    .         Harm     .   (no gloves)
MR       .....                  (no boots)
Stlth    ..........             (no amulet)
HPRegen  0.14/turn              (no ring)
MPRegen  0.09/turn              (no ring)

@: berserking (expiring), starving, very quick
A: negative energy resistance 1, electricity resistance, unbreathing,
petrification resistance, rot immunity, AC +3
a: Berserk, Trog's Hand, Burn Spellbooks, Renounce Religion


You were on level 2 of the Dungeon.
You worshipped Trog.
Trog was pleased with you.
You were starving.

You visited 1 branch of the dungeon, and saw 2 of its levels.

You collected 57 gold pieces.

Inventory:

Hand Weapons
 a - a +0 hand axe (weapon)
Armour
 b - a +0 animal skin (worn)
Scrolls
 e - a scroll of teleportation {unknown}
 f - a scroll of identify {unknown}
Potions
 d - 2 potions of heal wounds {unknown}
 g - a potion of degeneration {unknown}
Comestibles
 c - a ration


   Skills:
 + Level 3.9 Fighting
 + Level 3.7 Axes
 + Level 2.3 Armour
 + Level 1.9 Dodging
 + Level 0.1 Stealth


You had 3 spell levels left.
You didn't know any spells.

Dungeon Overview and Level Annotations

Branches:
Dungeon (2/15)

Altars:


Innate Abilities, Weirdness & Mutations

You are resistant to torment.
Your stone body is resilient. (AC +3)
You are immune to poison.
You resist negative energy. (rN+)
You are resistant to electric shocks. (rElec)
You can survive without breathing.
You are immune to petrification.
You are immune to rotting.


Message History

You barely miss the goblin. You closely miss the hobgoblin.
The hobgoblin hits you but does no damage.
The goblin barely misses you.
Unknown command.
You barely miss the goblin. You closely miss the hobgoblin.
The hobgoblin misses you. The goblin hits you.
* * * LOW HITPOINT WARNING * * *
Unknown command.
You slash the goblin!
You kill the goblin!
Trog accepts your kill.
You closely miss the hobgoblin. The hobgoblin hits you with a club.
* * * LOW HITPOINT WARNING * * *
Unknown command.
You feel a strong urge to attack something.
The hobgoblin hits you with a club.
* * * LOW HITPOINT WARNING * * *
Unknown command.
You closely miss the hobgoblin. The hobgoblin hits you with a club.
You die...

#............).......##.....#
#............................
##.................)........<
#..........%.........
.....#...............
.....#...............
.....#<.............. ..
#...............
##.@............
##g.....#.....#
###w.######### .####....#
.>......## ........#
.......## ....... .......


You could see a worm (wandering) and a hobgoblin.

Vanquished Creatures
  2 adders (D:2)
  A worm (D:2)
  2 leopard geckos
  4 bats
  3 giant cockroaches
  4 goblins
  5 hobgoblins
  4 frilled lizards
  5 kobolds
  8 rats (D:1)
38 creatures vanquished.

Notes
Turn   | Place    | Note
-------+----------+-------------------------------------------
     0 | D:1      | Fang the Gargoyle Berserker began the quest for the Orb.
     0 | D:1      | Reached XP level 1. HP: 14/14 MP: 1/1
    48 | D:1      | Reached XP level 2. HP: 12/19 MP: 2/2
   294 | D:1      | You fall through a shaft!
   301 | D:2      | Reached ** piety under Trog
   301 | D:2      | Reached XP level 3. HP: 23/24 MP: 3/3
   697 | D:2      | Reached XP level 4. HP: 9/29 MP: 4/4
   703 | D:2      | Slain by a hobgoblin

Skill      XL: |  1 |
---------------+----+-----
Axes           | 3 |  3.7
Fighting       | |  3.9
Armour         | |  2.3
Dodging        | |  1.9
Stealth        | |  0.1

Action                   |  1- 3 |  4- 6 || total
-------------------------+-------+-------++-------
Melee: Hand axe          |    82 |     3 ||    85
Invok: Berserk           |     3 |       ||     3
Armor: Animal skin       |    34 |     1 ||    35
Dodge: Dodged            |    81 |     2 ||    83
